 Dungeon Crawl Stone Soup version 0.27.1 (webtiles) character file.

Game seed: 14462428709859407328

8687 mediusvir the Cleaver (level 11, 0/145 HPs)
             Began as a Minotaur Berserker on Aug 31, 2021.
             Was a High Priest of Trog.
             Slain by a troll (2 damage)
             ... while petrified by a basilisk
             ... on level 12 of the Dungeon.
             The game lasted 00:39:36 (9737 turns).

mediusvir the Cleaver (Minotaur Berserker)          Turns: 9737, Time: 00:39:36

Health: 0/145      AC: 19    Str: 30    XL:     11   Next: 13%
Magic:  10/10      EV:  2    Int:  4    God:    Trog [*****.]
Gold:   226        SH:  0    Dex: 20    Spells: 10/10 levels left

rFire    x . .     SeeInvis .   J - +8 war axe of Deticawn {vorpal, rElec Stlth+}
rCold    . . .     Faith    .   (no shield)
rNeg     + + +     Spirit   .   C - +0 plate armour
rPois    ∞         Reflect  .   (helmet restricted)
rElec    +         Harm     .   h - +0 cloak
rCorr    .         Rampage  .   w - +0 pair of gloves of Winter {-Cast rF- Str+5 Dex+10}
Will     .....     NoCast   +   g - +0 pair of boots
Stlth    ..........             E - amulet of the acrobat
HPRegen  0.34/turn              (no ring)
MPRegen  0.12/turn              (no ring)

@: berserking (expiring), petrified
A: horns 2, retaliatory headbutt
a: Renounce Religion, Berserk, Trog's Hand, Brothers in Arms


You were on level 12 of the Dungeon.
You worshipped Trog.
Trog was extremely pleased with you.
You visited 1 branch of the dungeon, and saw 10 of its levels.

You collected 463 gold pieces.
You spent 237 gold pieces at shops.

Inventory:

Hand Weapons
 a - a +0 hand axe
 m - a +4 vampiric dagger
 s - a +2 whip of flaming
 A - a +3 battleaxe
 J - the +8 war axe of Deticawn (weapon) {vorpal, rElec Stlth+}
   (Trog gifted it to you on level 8 of the Dungeon)

   It inflicts extra damage upon your enemies.
   rElec:     It insulates you from electricity.
   Stlth:     It makes you more stealthy.
Missiles
 F - 2 throwing nets
Armour
 g - a +0 pair of boots (worn)
 h - a +0 cloak (worn)
 w - the +0 pair of gloves of Winter (worn) {-Cast rF- Str+5 Dex+10}
   (You bought it in a shop on level 4 of the Dungeon)

   Str:       It affects your strength (+5).
   Dex:       It affects your dexterity (+10).
   rF:        It makes you vulnerable to fire.
   -Cast:     It prevents spellcasting.
 C - a +0 plate armour (worn)
 H - a +2 kite shield of positive energy
Jewellery
 E - an amulet of the acrobat (around neck)
Wands
 e - a wand of paralysis (20)
 r - a wand of flame (24)
 x - a wand of iceblast (17)
 G - a wand of mindburst (12)
 I - a wand of polymorph (11) (quivered)
Scrolls
 d - 3 scrolls of fog
 f - 2 scrolls of identify
 i - a scroll of immolation {unknown}
 j - a scroll of acquirement
 o - a scroll of vulnerability
 p - 2 scrolls of teleportation
 t - a scroll of brand weapon {unknown}
 v - a scroll of amnesia {unknown}
 y - a scroll of enchant armour {unknown}
 B - a scroll of noise {unknown}
 D - a scroll of enchant weapon {unknown}
Potions
 b - 2 potions of flight
 c - a potion of heal wounds
 k - 4 potions of degeneration
 l - a potion of might
 n - 4 potions of curing
 q - a potion of ambrosia {unknown}
 u - a potion of haste
 z - a potion of lignification


   Skills:
 + Level 9.5 Fighting
 + Level 14.6 Axes
 + Level 10.5 Armour
 + Level 4.5 Dodging
 + Level 0.8 Stealth
 + Level 0.6 Evocations


You had 10 spell levels left.
You didn't know any spells.
Your spell library was empty.

Dungeon Overview and Level Annotations

Branches:
Dungeon (9/15)             Temple (0/1) D:4
   Lair: D:8-11         Orc: D:9-12

Altars:

Shops:
D:4 [


Innate Abilities, Weirdness & Mutations

You have a pair of horns on your head.
You reflexively headbutt those who attack you in melee.


Message History

The two-headed ogre hits you with a +0 giant spiked club!!
You have turned to stone.
The boulder beetle leaps!
The centaur warrior wields a +1 longbow of freezing.
It is covered in frost.
The centaur warrior shoots an arrow.
The arrow hits you but does no damage. The troll bites you but does no damage.
The troll claws you but does no damage. x2
A cyclops comes into view.
The cyclops shouts!
The two-headed ogre hits you with a +0 giant club!!
The two-headed ogre hits you with a +0 giant spiked club!
The centaur warrior shoots an arrow.
The arrow hits you!
* * * LOW HITPOINT WARNING * * *
The arrow freezes you.
* * * LOW HITPOINT WARNING * * *
The troll bites you but does no damage. The troll claws you!
* * * LOW HITPOINT WARNING * * *
The troll claws you but does no damage.
A manticore comes into view.
The two-headed ogre hits you with a +0 giant club!
* * * LOW HITPOINT WARNING * * *
The two-headed ogre hits you with a +0 giant spiked club!
* * * LOW HITPOINT WARNING * * *
The troll bites you but does no damage. The troll claws you.
* * * LOW HITPOINT WARNING * * *
The troll claws you but does no damage. The troll bites you.
* * * LOW HITPOINT WARNING * * *
The troll claws you.
* * * LOW HITPOINT WARNING * * *
The troll claws you but does no damage.
The two-headed ogre hits you with a +0 giant club!!
* * * LOW HITPOINT WARNING * * *
The two-headed ogre hits you with a +0 giant spiked club!
* * * LOW HITPOINT WARNING * * *
An eight-headed hydra comes into view.
The eight-headed hydra roars!
You hear a shout!
The basilisk gazes at you. You resist with some effort. The troll bites you.
You die... #############+ #....Jl@OT...# #.....#T#.#..# #..CH cBW

..
#...
..#.#
.#
..D
#..
.. #
..
#..
#.. #
###
.# .#


You could see a boulder beetle, an eight-headed hydra, a slime creature, a
centaur warrior, a two-headed ogre, a manticore, a cyclops, 2 trolls, a basilisk
and a wraith.

Vanquished Creatures
  3 two-headed ogres
  Maurice (D:9)
  Psyche (D:8)
  A tengu conjurer (D:8)
  A kobold demonologist (D:9)
  2 trolls (D:8)
  Prince Ribbit (D:8)
  3 slime creatures (D:7)
  The ghost of nxtlvl the Cutter, an amateur DEMo (D:5)
  A shadow (D:8)
  A wyvern (D:8)
  6 yaks
  2 black bears
  3 necrophages
  2 centaurs
  An ogre (D:4)
  2 kobold brigands (D:8)
  2 scorpions
  5 bullfrogs
  A gnoll sergeant (D:9)
  4 killer bees (D:8)
  14 wights
  4 howler monkeys
  A vampire bat (D:6)
  An electric eel (D:8)
  A centaur zombie (D:9)
  3 lava snakes (D:7)
  A bullfrog skeleton (D:5)
  2 gnoll shamans (D:7)
  2 orc priests (D:2)
  A scorpion zombie (D:5)
  Jessica (D:2)
  Ijyb (D:3)
  4 iguanas
  9 orc wizards
  2 hound skeletons (D:4)
  A howler monkey zombie (D:8)
  A river rat (D:8)
  8 adders
  13 gnolls
  A shadow imp (D:8)
  A white imp (D:5)
  An ufetubus (D:6)
  An adder skeleton (D:4)
  A worm (D:2)
  4 dart slugs
  26 orcs
  5 endoplasms
  2 giant cockroaches
  10 hobgoblins
  4 jackals (D:5)
  3 quokkas
  5 ball pythons
  6 bats
  2 frilled lizards
  6 goblins
  A goblin zombie (D:5)
  17 kobolds
  5 rats
  A rat zombie (D:5)
216 creatures vanquished.

Vanquished Creatures (others)
  98 plants
98 creatures vanquished.

Grand Total: 314 creatures vanquished

Notes
Turn   | Place    | Note
-------+----------+-------------------------------------------
     0 | D:1      | mediusvir the Minotaur Berserker began the quest for the
                  | Orb.
     0 | D:1      | Reached XP level 1. HP: 19/19 MP: 0/0
   155 | D:1      | Reached XP level 2. HP: 24/27 MP: 1/1
   248 | D:1      | Reached skill level 4 in Axes
   786 | D:2      | Reached XP level 3. HP: 34/34 MP: 2/2
   961 | D:2      | Noticed Jessica
   975 | D:2      | Killed Jessica
   976 | D:2      | Reached XP level 4. HP: 41/41 MP: 3/3
  1251 | D:2      | Reached ** piety under Trog
  1370 | D:1      | Reached XP level 5. HP: 36/47 MP: 4/4
  1385 | D:2      | Reached skill level 5 in Axes
  2280 | D:3      | Noticed Ijyb
  2301 | D:3      | Killed Ijyb
  2663 | D:4      | You fall into a shaft and drop 3 floors!
  2707 | D:7      | Identified a scroll of acquirement
  2757 | D:7      | Reached XP level 6. HP: 48/55 MP: 5/5
  2921 | D:5      | Entered Level 5 of the Dungeon
  2932 | D:5      | Reached skill level 6 in Axes
  3001 | D:4      | Reached skill level 5 in Fighting
  3002 | D:4      | Reached skill level 5 in Armour
  3395 | D:4      | Found a staircase to the Ecumenical Temple.
  3420 | D:4      | Reached XP level 7. HP: 35/61 MP: 6/6
  3908 | D:4      | Reached *** piety under Trog
  3967 | D:4      | Found Rul Vapo's Antique Armour Boutique.
  4045 | D:4      | Bought a pair of translucent gloves for 237 gold pieces
  4045 | D:4      | Identified the +0 pair of gloves of Winter {-Cast rF- Str+5
                  | Dex+10} (You bought it in a shop on level 4 of the Dungeon)
  4254 | D:5      | Reached skill level 7 in Axes
  4647 | D:5      | Found a runed translucent door.
  4656 | D:5      | Noticed nxtlvl's ghost (amateur DEMo)
  4687 | D:5      | Killed nxtlvl's ghost
  4688 | D:5      | Reached XP level 8. HP: 70/70 MP: 7/7
  4883 | D:5      | Reached skill level 8 in Axes
  5297 | D:5      | You fall into a shaft and drop 2 floors!
  5444 | D:7      | Noticed a slime creature
  5445 | D:7      | Noticed a slime creature
  5446 | D:7      | Noticed a slime creature
  5450 | D:7      | Killed a slime creature
  5451 | D:7      | Reached skill level 9 in Axes
  5455 | D:7      | Killed a slime creature
  5458 | D:7      | Killed a slime creature
  5459 | D:7      | Reached skill level 10 in Axes
  5496 | D:7      | Reached XP level 9. HP: 58/79 MP: 8/8
  5832 | D:6      | Reached **** piety under Trog
  6824 | D:7      | Reached skill level 11 in Axes
  7952 | D:8      | Noticed Prince Ribbit
  7990 | D:8      | Noticed a two-headed ogre
  8012 | D:8      | Killed a two-headed ogre
  8013 | D:8      | Reached skill level 12 in Axes
  8210 | D:8      | Noticed Psyche
  8222 | D:8      | Killed Psyche
  8223 | D:8      | Reached XP level 10. HP: 48/88 MP: 9/9
  8775 | D:8      | Noticed a two-headed ogre
  8780 | D:8      | Killed a two-headed ogre
  8781 | D:8      | Reached skill level 13 in Axes
  8902 | D:8      | Killed Prince Ribbit
  9071 | D:9      | Noticed a two-headed ogre
  9090 | D:9      | Reached ***** piety under Trog
  9260 | D:8      | Reached skill level 14 in Axes
  9433 | D:8      | Identified the +8 war axe of Deticawn {vorpal, rElec
                  | Stlth+} (Trog gifted it to you on level 8 of the Dungeon)
  9433 | D:8      | Received a gift from Trog
  9509 | D:9      | Killed a two-headed ogre
  9510 | D:9      | Reached skill level 10 in Armour
  9528 | D:9      | Reached XP level 11. HP: 77/97 MP: 10/10
  9641 | D:9      | Noticed Maurice
  9656 | D:9      | Killed Maurice
  9728 | D:9      | You fall into a shaft and drop 3 floors!
  9728 | D:12     | Noticed a boulder beetle
  9728 | D:12     | Noticed a two-headed ogre
  9731 | D:12     | Noticed a centaur warrior
  9736 | D:12     | HP: 2/145 [two-headed ogre (6)]
  9736 | D:12     | Noticed an eight-headed hydra
  9737 | D:12     | Slain by a troll

Illustrated notes

Levels and vault maps discovered:
D:1:      wander_arrival_lonely_grave, layout_rooms
D:2:      cheibrodos_pilgrimage, layout_basic, st_stairs_12, uniq_jessica
D:3:      layout_rooms, serial_forest, infiniplex_forest_lined_corner,
          infiniplex_forest_clump_curved, infiniplex_forest_clump_large,
          infiniplex_forest_pool, infiniplex_forest_end_2,
          infiniplex_forest_diagonal, infiniplex_forest_clump_cross,
          infiniplex_forest_straight_2, minmay_unequal, uniq_ijyb
D:4:      layout_basic, minmay_temple_entry_hall, serial_shops,
          nicolae_shop_statue_plus
D:5:      layout_cave_pods, enter_ossuary_4, ebering_ghost_sewer_d
D:6:      layout_basic, roderic_batcave, st_stairs_8, serial_park_tiny_1,
          kennysheep_small_circle
D:7:      layout_loops_corners, kennysheep_boxes, uniq_crazy_yiuf_cottage
D:8:      layout_loops_ring, serial_bayou, serial_bayou_pond_a,
          serial_bayou_crossing, serial_bayou_pond_c, serial_bayou_pond_b,
          serial_bayou_lagoon_a, serial_bayou_shore_b,
          wad_floor_pattern_untrapped, uniq_prince_ribbit1, uniq_psyche
D:9:      layout_loops_ring, mainiacjoe_overflow_surrounded_room, serial_bayou,
          serial_bayou_pond_e, serial_bayou_ford_a, serial_bayou_pond_e,
          serial_bayou_lagoon_b, serial_bayou_pond_b, serial_bayou_lake_a,
          st_stairs_4, blue_anna_alchemist, uniq_maurice
D:12:     minmay_the_grid_triangle_9x9_recursive_2_mashed
          [minmay_the_grid_triangle_9x9_prize_schism,
          minmay_the_grid_triangle_9x9_negative_grid,
          minmay_the_grid_triangle_9x9_wacky_v,
          minmay_the_grid_triangle_9x9_odd_lines], layout_rooms, orc_0_dummy,
          gammafunk_ghost_wrathful_warriors, uniq_urug

Skill      XL: |  1  2  3  4  5  6  7  8  9 10 |
---------------+-------------------------------+-----
Fighting       | 4 5 7 8 9 |  9.5
Axes           | 4 5 6 7 10 12 14 | 14.6
Armour         | 3 4 5 6 7 9 10 | 10.5
Dodging        | 3 4 |  4.5
Stealth        | |  0.8
Evocations     | |  0.6

Action                   |  1- 3 |  4- 6 |  7- 9 | 10-12 || total
-------------------------+-------+-------+-------+-------++-------
Melee: Hand axe          |    46 |   161 |    85 |       ||   292
       Headbutt          |    10 |    23 |    56 |    31 ||   120
       Battleaxe         |       |       |   141 |    56 ||   197
       War axe           |       |       |       |    39 ||    39
Invok: Berserk           |     2 |     2 |     9 |     2 ||    15
       Trog's Hand       |       |       |       |     1 ||     1
Evoke: Wand              |       |       |       |     1 ||     1
  Use: Scroll            |     1 |     3 |     1 |       ||     5
       Potion            |       |     5 |     3 |       ||     8
Armor: Animal skin       |     2 |       |       |       ||     2
       Chain mail        |    21 |   105 |    55 |       ||   181
       Plate armour      |       |       |    83 |    64 ||   147
Dodge: Dodged            |    28 |    61 |   155 |    77 ||   321
